 Dungeon Crawl Stone Soup version 0.29.0-11-gd7f09526c8 (webtiles) character file.

Game seed: 13668315825521679160

89 Ordine the Slasher (level 4, -1/29 HPs)
             Began as a Tengu Monk on Sept 3, 2022.
             Slain by a gnoll
             ... wielding a +0 halberd
              (6 damage)
             ... on level 2 of the Dungeon.
             The game lasted 00:03:38 (3148 turns).

Ordine the Slasher (Tengu Monk)                     Turns: 3148, Time: 00:03:39

Health: -1/29      AC:  2    Str: 11    XL:     4   Next: 55%
Magic:  5/5        EV: 13    Int: 10    God:
Gold:   141        SH:  0    Dex: 19    Spells: 3/3 levels left

rFire   . . .      SeeInvis .   b - +2 dagger (venom)
rCold   . . .      Faith    .   (no shield)
rNeg    . . .      Spirit   .   j - +0 robe
rPois   .          Reflect  .   (helmet restricted)
rElec   .          Harm     .   (no cloak)
rCorr   .          Rampage  .   (no gloves)
Will    .....                   (boots unavailable)
Stlth   ++........              (no amulet)
HPRegen 0.09/turn               (no ring)
MPRegen 0.09/turn               (no ring)

@: attractive
A: beak, talons 3
a: no special abilities


You were on level 2 of the Dungeon.
You visited 1 branch of the dungeon, and saw 2 of its levels.

You collected 141 gold pieces.

Inventory:

Hand Weapons
 a - a +0 falchion
 b - a +2 dagger of venom (weapon)
Missiles
 k - 2 poisoned darts (quivered)
Armour
 j - a +0 robe (worn)
Scrolls
 d - a scroll of poison {unknown}
 e - a scroll of identify {unknown}
 f - a scroll of teleportation {unknown}
 h - a scroll of noise {unknown}
 i - 2 scrolls of magic mapping {unknown}
 l - a scroll of enchant armour {unknown}
 m - a scroll of fog {unknown}
Potions
 c - a potion of ambrosia
 g - 2 potions of attraction


   Skills:
 + Level 3.8 Fighting
 * Level 5.0 Long Blades
 - Level 3.2 Dodging
 - Level 2.0 Stealth


You had 3 spell levels left.
You didn't know any spells.
Your spell library contained the following spells:

 Spells                   Type           Power      Damage    Failure   Level
 Ensorcelled Hibernation  Hex/Ice        0%         N/A       50%         2
 Passwall                 Tmut/Erth      0%         N/A       50%         2
 Ozocubu's Armour         Ice            0%         N/A       75%         3
 Swiftness                Air            0%         N/A       75%         3
 Ozocubu's Refrigeration  Ice            0%         4d7       100%        7


Dungeon Overview and Level Annotations

Branches:
Dungeon (2/15)

Altars:


Innate Abilities, Weirdness & Mutations

You have a beak for a mouth.
You have claws for feet.


Message History

g - Guard the area. f - Follow me.
Anything else - Cancel.
You shout for attention!
You hear a shout! x2
What are your orders? t - Shout!
Orders for allies: a - Attack new target. r - Retreat! s - Stop attacking. g - Guard the area. f - Follow me.
Anything else - Cancel.
You shout for attention!
What are your orders? t - Shout!
Orders for allies: a - Attack new target. r - Retreat! s - Stop attacking. g - Guard the area. f - Follow me.
Anything else - Cancel.
You shout for attention!
The gnoll shouts!
The gnoll hits you from afar with a +0 halberd.
The gnoll barely misses you. The gnoll closely misses you.
You start resting.
A gnoll is nearby!
The gnoll hits you with a +0 halberd. The gnoll closely misses you.
You closely miss the gnoll. Your peck misses the gnoll.
The gnoll barely misses you.
The gnoll hits you from afar with a +0 spear.
You hit the gnoll but do no damage. The gnoll hits you with a +0 halberd!
* * * LOW HITPOINT WARNING * * *
The gnoll completely misses you. The gnoll completely misses you.
It was a potion of attraction.
You feel attractive to monsters. The gnoll misses you.
The gnoll is attracted toward you. x2
You hit the gnoll.
The gnoll is poisoned.
The gnoll is lightly wounded.
The gnoll misses you. The gnoll closely misses you.
You hit the gnoll. You claw the gnoll. You peck the gnoll.
The gnoll is almost dead.
The gnoll hits you with a +0 halberd.
You die...

#..# ###..#.#.###.#######.#
##..######..#.#...#(........#
..............#...#############
##########.##.....'...........#
..#..#..'...#<#...###########.##
.##.##.##...#..^..........###..##
.#..#..#...##......######.......#
...##.##...#######.#### #######'#
#..#..#...###§gg@.....# #.P..
##)..##...#.#.####)#### #...P
.##..#...##.#.#....# #....
..####...#..#.#.g..# #....
...##...##)##.#.g..######## ##...
....#...#...#.gg..........# ##.#
.......##.#.##............# #_#
......)#..####............# ##.#
#.....##....##...........># ##P.P


You could see 2 gnolls.

Vanquished Creatures
  Jessica (D:2)
  2 gnolls (D:2)
  An adder (D:2)
  4 ball pythons
  3 bats
  3 endoplasms
  A giant cockroach (D:2)
  3 goblins
  2 hobgoblins (D:2)
  8 kobolds
  3 quokkas
  2 frilled lizards (D:2)
  2 rats (D:2)
35 creatures vanquished.

Vanquished Creatures (others)
  11 plants (D:2)
  13 withered plants (D:2)
24 creatures vanquished.

Grand Total: 59 creatures vanquished

Notes
Turn   | Place    | Note
-------+----------+-------------------------------------------
     0 | D:1      | Ordine the Tengu Monk began the quest for the Orb.
     0 | D:1      | Reached XP level 1. HP: 14/14 MP: 2/2
   202 | D:1      | Reached XP level 2. HP: 19/19 MP: 3/3
  1859 | D:2      | Reached skill level 4 in Long Blades
  1870 | D:2      | Found a faded altar of an unknown god.
  2041 | D:2      | Noticed Jessica
  2052 | D:2      | Killed Jessica
  2053 | D:2      | Reached XP level 3. HP: 9/23 MP: 4/4
  2410 | D:2      | Reached XP level 4. HP: 21/28 MP: 5/5
  2821 | D:2      | Reached skill level 5 in Long Blades
  3148 | D:2      | Slain by a gnoll

Illustrated notes

Levels and vault maps discovered:
D:1:      amcnicky_arrival_wind_blow, layout_basic, dreamdust_princess_bridge
D:2:      minmay_razor_zed, layout_basic, shapermc_ecumenical_altar_flowoftime,
          kennysheep_generic_room_8, uniq_jessica

Skill      XL: |  1  2  3  4 |
---------------+-------------+-----
Long Blades    | 4 5 |  5.0
Fighting       | |  3.8
Dodging        | |  3.2
Stealth        | |  2.0

Action                   |  1- 3 |  4- 6 || total
-------------------------+-------+-------++-------
Melee: Falchion          |    56 |     9 ||    65
       Kick              |    23 |     7 ||    30
       Peck              |    19 |     5 ||    24
       Dagger            |    10 |    18 ||    28
  Use: Potion            |       |     1 ||     1
 Stab: Sleeping          |     4 |     4 ||     8
       Distracted        |     1 |       ||     1
Armor: Robe              |     3 |     3 ||     6
Dodge: Dodged            |    24 |    16 ||    40
